 Dungeon Crawl Stone Soup version 0.27-a0-1384-g1422d76b99 (webtiles) character file.

Game seed: 9463875222571406974

177 dinky3 the Skirmisher (level 5, 47/47 HPs)
             Began as a Djinni Fighter on June 30, 2021.
             Was an Initiate of Yredelemnul.
             Quit the game on level 3 of the Dungeon.
             The game lasted 00:02:40 (2840 turns).

dinky3 the Skirmisher (Djinni Fighter)              Turns: 2840, Time: 00:02:41

Health: 47/47      AC:  6    Str: 15    XL:     5   Next: 88%
Gold:   128        EV:  7    Int: 10    God:    Yredelemnul [......] SH: 10 Dex: 13

rFire    + + .     SeeInvis .   m - +1 short sword (flame)
rCold    x . .     Faith    .   c - +0 kite shield
rNeg     . . .     Spirit   .   b - +0 scale mail
rPois    ∞         Reflect  .   (no helmet)
rElec    .         Harm     .   (no cloak)
rCorr    .         Rampage  .   (no gloves)
Will     .....                  (boots unavailable)
Stlth    ..........             (no amulet)
HPRegen  0.15/turn              (no ring)
MPRegen  0.00/turn              (no ring)

@: flying
A: sickness immunity, fire resistance 2, cold vulnerability 1, float, innate
caster, hp casting, extra vitality 1
a: Renounce Religion


You were on level 3 of the Dungeon.
You worshipped Yredelemnul.
Yredelemnul was noncommittal.
You visited 1 branch of the dungeon, and saw 3 of its levels.

You collected 128 gold pieces.

Inventory:

Hand Weapons
 a - a +0 long sword
 e - a +1 whip of freezing
 m - a +1 short sword of flaming (weapon)
Missiles
 g - 9 boomerangs (quivered)
Armour
 b - a +0 scale mail (worn)
 c - a +0 kite shield (worn)
Scrolls
 f - 2 scrolls of immolation
 n - a scroll of silence {unknown}
Potions
 d - a potion of might
 h - a potion of heal wounds
 i - a potion of cancellation
 j - 2 potions of resistance
 k - a potion of curing {unknown}
 l - a potion of haste {unknown}
 o - a potion of brilliance {unknown}


   Skills:
 + Level 7.4 Fighting
 - Level 1.7 Long Blades
 - Level 3.0 Armour
 + Level 7.1 Shields
 + Level 4.5 Spellcasting


You had 10 spell levels left.
You knew the following spells:

 Your Spells              Type           Power      Damage    Failure   Level
a - Magic Dart            Conj           44%        1d5       36%         1
B - Blink                 Tloc           N/A        N/A       52%         2
Your spell library was empty.

Dungeon Overview and Level Annotations

Branches:
Dungeon (3/15)

Altars:
Gozag
Nemelex Xobeh
Uskayaw
Vehumet
Xom
Yredelemnul
Zin


Innate Abilities, Weirdness & Mutations

You are immune to sickness and miasma.
You are immune to poison.
Your flesh is very heat resistant. (rF++)
You are vulnerable to cold. (rC-)
You float through the air rather than walking.
You learn spells naturally, not from books.
Your magical power is your life essence.
You have superior vitality. (+4 HP)


Message History

You hit the bat. You burn the bat.
The bat is severely wounded.
You block the bat's attack. The bat hits you but does no damage.
You hit the bat. You burn the bat.
You kill the bat!
Yredelemnul accepts your kill.
No target in view!
No target in view!
No target in view!
No target in view!
No target in view!
No target in view!
No target in view!
No target in view!
No target in view!
No target in view!
You see here a bat corpse.
A frilled lizard comes into view.
The frilled lizard hisses angrily.
A frilled lizard is nearby!
A frilled lizard is nearby!
You puncture the frilled lizard! You burn the frilled lizard.
You kill the frilled lizard!
Yredelemnul accepts your kill.
No target in view!
No target in view!
No target in view!
No target in view!
No target in view!
No target in view!
No target in view!
No target in view!
No target in view!
No target in view!
No target in view!
No target in view!
You now have 128 gold pieces (gained 11).
An adder comes into view.
The adder hisses angrily.
Are you sure you want to abandon this character and quit the game? (Confirm with "yes".)

.............##........##...# #.#
.._..#######.##.##.#.####.#.###..
.....# #.......#.####.##...#.
._.### #.........#.......###.
...# ##.#.##.###.......# ## .###
# #..#.# #.......# ## ##.#.#
#.......# #.##.#.# #.......#
#...@..# #.......# ####.###
#.......# #.# ######### #.. #.#
S.. ... ...


You could see an adder.

Vanquished Creatures
  An orc priest (D:3)
  3 adders
  3 dart slugs
  8 orcs (D:3)
  6 ball pythons
  7 endoplasms
  2 giant cockroaches
  6 goblins
  5 hobgoblins
  A quokka (D:1)
  7 bats
  5 frilled lizards
  7 kobolds
  2 rats
63 creatures vanquished.

Notes
Turn   | Place    | Note
-------+----------+-------------------------------------------
     0 | D:1      | dinky3 the Djinni Fighter began the quest for the Orb.
     0 | D:1      | Reached XP level 1. HP: 20/20 MP: 0/0
    89 | D:1      | Found a faded altar of an unknown god.
   396 | D:1      | Reached XP level 2. HP: 25/25 MP: 0/0
  1030 | D:1      | Reached XP level 3. HP: 31/31 MP: 0/0
  1030 | D:1      | Learned a level 1 spell: Magic Dart
  1535 | D:2      | Reached XP level 4. HP: 42/42 MP: 0/0
  1813 | D:2      | Reached XP level 5. HP: 47/47 MP: 0/0
  1813 | D:2      | Learned a level 2 spell: Blink
  2092 | D:3      | Found a hide-covered altar of Uskayaw.
  2097 | D:3      | Found a basalt altar of Yredelemnul.
  2097 | D:3      | Found an opulent altar of Gozag.
  2099 | D:3      | Found a sparkling altar of Nemelex Xobeh.
  2100 | D:3      | Found a shimmering altar of Xom.
  2105 | D:3      | Found a glowing silver altar of Zin.
  2112 | D:3      | Became a worshipper of Yredelemnul the Dark
  2419 | D:3      | Noticed Grinder
  2840 | D:3      | Quit the game

Illustrated notes

Levels and vault maps discovered:
D:1:      dpeg_arrival_rhombus, layout_loops_corners,
          hellmonk_ecumenical_altar_blasted, hex_medium
D:2:      layout_basic, chequers_serial_rivers_micro_a, uniq_crazy_yiuf_cottage
D:3:      layout_loops_cross, grunt_temple_overflow_open, uniq_grinder

Skill      XL: |  1  2  3 |
---------------+----------+-----
Fighting       | 7 |  7.4
Shields        | 7 |  7.1
Spellcasting   | 4 |  4.5
Long Blades    | |  1.7
Armour         | |  3.0

Action                   |  1- 3 |  4- 6 || total
-------------------------+-------+-------++-------
Melee: Long sword        |    91 |     7 ||    98
       Whip              |       |   104 ||   104
       Short sword       |       |     6 ||     6
  Use: Scroll            |     2 |     1 ||     3
       Potion            |     1 |       ||     1
Armor: Scale mail        |    44 |    33 ||    77
Dodge: Dodged            |    29 |    35 ||    64
Block: Kite shield       |    36 |    62 ||    98
       Rpst.: Long sword |     9 |       ||     9

Table legend: (Time is in decaauts)
 A = Elapsed time spent in this place.
 B = Non-inter-level travel time spent in this place.
 C = Inter-level travel time spent in this place.
 D = Time resting spent in this place.
 E = Time spent auto-exploring this place.
 F = Levels seen in this place.
 G = Mean time per level.
                   A        B        C        D        E       F      G
               +--------+--------+--------+--------+--------+-----+--------+
         Total |   2920 |   2877 |     43 |    157 |   2229 |   3 |  973.3 |
       Dungeon |   2920 |   2877 |     43 |    157 |   2229 |   3 |  973.3 |
               +--------+--------+--------+--------+--------+-----+--------+

Top non-repeatable levels by time:
     D:1: 1485 daAuts
     D:3: 940 daAuts
     D:2: 494 daAuts
